 Dungeon Crawl Stone Soup version 0.20.1-1-g8b1a95d (webtiles) character file.

25 Qayin the Sneak (level 2, 0/19 HPs)
             Began as a Vampire Enchanter on Oct 29, 2017.
             Slain by a jackal (1 damage)
             ... on level 1 of the Dungeon.
             The game lasted 00:04:13 (500 turns).

Qayin the Sneak (Vampire Enchanter)                  Turns: 500, Time: 00:04:14

Health: 0/19       AC:  2    Str:  7    XL:     2   Next: 82%
Magic:  0/5        EV: 13    Int: 17    God:
Gold:   10         SH:  0    Dex: 14    Spells: 2/5 levels left

rFire    . . .     SeeInvis +   a - +1 dagger
rCold    . . .     Gourm    .   (no shield)
rNeg     + + .     Faith    .   b - +0 robe
rPois    .         Spirit   .   (no helmet)
rElec    .         Reflect  .   (no cloak)
rCorr    .         Harm     .   (no gloves)
MR       .....                  (no boots)
Stlth    +++.......             (no amulet)
Regen    0.1/turn               e - ring of positive energy
MPRegen  0.1/turn               (no ring)

@: very slightly contaminated
A: fangs 3, see invisible, unbreathing
a: no special abilities


You were on level 1 of the Dungeon.
You were not thirsty.

You visited 1 branch of the dungeon, and saw 1 of its levels.

You collected 10 gold pieces.

Inventory:

Hand Weapons
 a - a +1 dagger (weapon)
Armour
 b - a +0 robe (worn)
Jewellery
 e - a ring of positive energy (left hand)
Scrolls
 f - a scroll of magic mapping {unknown}
Potions
 d - 5 potions of blood
Books
 c - a book of Maledictions

   Spells                             Type                      Level
   a - Corona                         Hexes                        1
   b - Ensorcelled Hibernation        Hexes/Ice                    2
   c - Confuse                        Hexes                        3
   d - Tukima's Dance                 Hexes                        3
   e - Dazzling Spray                 Conjuration/Hexes            3


   Skills:
 - Level 1.1 Short Blades
 * Level 2.7 Dodging
 * Level 5.4 Stealth
 - Level 2.0 Spellcasting
 * Level 4.7 Hexes


You had 2 spell levels left.
You knew the following spells:

 Your Spells              Type           Power        Failure   Level  Hunger
a - Corona                Hex            ###....      2%          1    #......
b - Ensorcelled Hibernat  Hex/Ice        #.....       11%         2    ###....


Dungeon Overview and Level Annotations

Branches:
Dungeon (1/15)

Altars:


Innate Abilities, Weirdness & Mutations

You have razor-sharp teeth.
You have supernaturally acute eyesight. (SInv)
You can survive without breathing.


Message History

Aim: a jackal (chance to defeat MR: 58%)
The jackal looks drowsy...
The helpless jackal fails to defend itself.
You puncture the jackal!
You kill the jackal!
The jackal closely misses you.
Casting: Ensorcelled Hibernation
Confirm with . or Enter, or press ? or * to list all spells.
Aiming: Corona
Press: ? - help, Shift-Dir - straight line, f - jackal
Aim: a jackal (chance to defeat MR: 71%)
The jackal is outlined in light.
The jackal bites you.
* * * LOW HITPOINT WARNING * * *
You closely miss the jackal. You bite the jackal.
The jackal is moderately wounded.
The jackal barely misses you.
You hit the jackal.
The jackal is severely wounded.
The jackal misses you. The jackal bites you.
You die...

..# ###############............
... #....>.....................
#.# #.###.############.#.....#.
#.###...#.############.#.......
#.....#.#..............#......#
#.#...#.##########.###.#......#
#.....# # #.# #.#......# ......#
###.###.#....... .####.#
#@#.........##.# # ....#.#
#h#.#####...##.# # .#.##.#
#gg.........##.### .#....#.# #.
#................# .######.# #..
#...........#..### .# #.#
#...#...........##.... .# #.#
#...#...........###.#. .# #.##
#...#...........###.#.
.######..###...#...............#.


You could see a jackal and 2 hobgoblins.

Vanquished Creatures
  2 dart slugs (D:1)
  A leopard gecko (D:1)
  3 bats (D:1)
  2 giant cockroaches (D:1)
  2 hobgoblins (D:1)
  A jackal (D:1)
  A ball python (D:1)
  A goblin (D:1)
  5 kobolds (D:1)
  A rat (D:1)
19 creatures vanquished.

Notes
Turn   | Place    | Note
-------+----------+-------------------------------------------
     0 | D:1      | Qayin the Vampire Enchanter began the quest for the Orb.
     0 | D:1      | Reached XP level 1. HP: 13/13 MP: 3/3
   273 | D:1      | Reached skill level 5 in Stealth
   273 | D:1      | Reached XP level 2. HP: 18/19 MP: 5/5
   278 | D:1      | Learned a level 2 spell: Ensorcelled Hibernation
   500 | D:1      | Slain by a jackal

Skill      XL: |  1 |
---------------+----+-----
Stealth        | 5 |  5.4
Short Blades   | |  1.1
Dodging        | |  2.7
Spellcasting   | |  2.0
Hexes          | |  4.7

Action                   || total
-------------------------++-------
Melee: Dagger            ||    68
       Bite              ||     3
 Cast: Corona            ||    13
       Ensorcelled Hiber ||     5
 Stab: Sleeping          ||     6
Armor: Robe              ||    12
Dodge: Dodged            ||    74
